 Dungeon Crawl Stone Soup version 0.10.4 character file.

121 Morbidden the Skirmisher (level 3, 0/27 HPs)
             Began as a High Elf Fighter on Dec 21, 2019.
             Slain by a gnoll
             ... wielding a +0,+0 whip
              (7 damage)
             ... on Level 2 of the Dungeon.
             The game lasted 00:04:41 (1735 turns).

Morbidden the Skirmisher (High Elf Fighter)         Turns: 1735, Time: 00:04:42

HP   0/27        AC  9     Str 16      XL: 3   Next: 38%
MP   4/4         EV  4     Int 11      God:
Gold 75          SH 18     Dex 15      Spells:  0 memorised,  2 levels left

Res.Fire  : . . .   See Invis. : .   a - +0 elf falchion
Res.Cold  : . . .   Warding    : . . h - +0 elf chain mail
Life Prot.: . . .   Conserve   : .   c - +0 elf shield
Res.Acid. : . . .   Res.Corr.  : .   g - +0 helmet (curse)
Res.Poison: .       Clarity    : .   (no cloak)
Res.Elec. : .       Spirit.Shd : .   (no gloves)
Sust.Abil.: . .     Stasis     : .   (no boots)
Res.Mut.  : .       Ctrl.Telep.: .   (no amulet)
Res.Rott. : .       Levitation : .   (no ring)
Saprovore : . . .   Ctrl.Flight: .   (no ring)

@: slightly resistant to hostile enchantments, extremely unstealthy
A: no striking features
a: no special abilities


You were on level 2 of the Dungeon.
You were very hungry.

You visited 1 branch of the dungeon, and saw 3 of its levels.

You collected 55 gold pieces.

Inventory:

Hand weapons
 a - a +0,+0 elven falchion (weapon)
Armour
 c - a +0 elven shield (worn)
 g - a cursed +0 helmet (worn)
 h - a +0 elven chain mail (worn)
Comestibles
 d - 4 bread rations
 f - a meat ration
Scrolls
 b - a scroll of fog {unknown}
 e - a scroll of curse weapon {unknown}
 k - a scroll of remove curse {unknown}
 l - a scroll of recharging {unknown}
 m - a scroll of enchant weapon II {unknown}
 n - a scroll of detect curse
 p - a scroll of fear {unknown}
 r - a scroll of teleportation {unknown}
 s - a scroll of random uselessness {unknown}
 u - 2 scrolls of enchant weapon I {unknown}
 v - a scroll of enchant armour {unknown}
Potions
 i - a potion of speed {unknown}
 j - 2 potions of heal wounds {unknown}
 o - 2 potions of water {unknown}
 q - a potion of mutation {unknown}
 t - 2 potions of curing {unknown}
 w - a potion of levitation {unknown}


   Skills:
 * Level 3.7 Fighting
 * Level 3.4 Long Blades
 + Level 2.9 Armour
 + Level 1.4 Dodging
 + Level 2.8 Shields
 + Level 0.5 Traps & Doors


You had 2 spell levels left.
You didn't know any spells.

Dungeon Overview and Level Annotations

Branches:
Dungeon (3/27)

Altars:
Zin


Message History

You block the gnoll's attack.
You climb upwards.
There is a stone staircase leading down here.
Unknown command.
You closely miss the gnoll. The gnoll hits you with a whip.
You hit the gnoll but do no damage. The gnoll hits you but does no damage.
Unknown command.
Unknown command.
You hit the gnoll.
The gnoll is lightly wounded.
The gnoll hits you but does no damage.
You hit the gnoll.
The gnoll is moderately wounded.
The gnoll hits you with a whip.
* * * LOW HITPOINT WARNING * * *
The gnoll hits you but does no damage.
You hit the gnoll.
The gnoll is moderately wounded.
The gnoll hits you with a whip!
You die...

#############..#.#######.#.
#........##............#.#.
#........####..#.#####.#.#.
#..............#%#.....#.#.
###########.########.#.#.#####.#.
............#....# #......#....#.
............#.##.# #...#..#.#####
............#.##g###...#..#.#...%
................@......#..#.#..##
............#..........#..#.#..##
............#......<...........##
............#.####.#.#..###.#####
#.#####.###.#.# #.#......#.##.##
#.# #.....#.# #.###..#.#......
#.# #.....#.# #.# #..#......##
#.# #.....#.####.###..######.#
#.#####.###.#..................#


You could see a gnoll.

Vanquished Creatures
  2 adders (D:2)
  An ooze (D:1)
  4 giant cockroaches
  3 hobgoblins
  A quokka (D:2)
  6 bats
  A giant newt (D:1)
  8 goblins
  2 kobolds (D:1)
  4 rats
32 creatures vanquished.

Notes
Turn   | Place    | Note
--------------------------------------------------------------
     0 | D:1      | Morbidden, the High Elf Fighter, began the quest for the Orb.
     0 | D:1      | Reached XP level 1. HP: 16/16 MP: 1/1
   480 | D:1      | Reached XP level 2. HP: 17/21 MP: 2/2
   662 | D:1      | Reached skill level 1 in Dodging
   844 | D:2      | Found a glowing silver altar of Zin.
  1157 | D:2      | Reached XP level 3. HP: 19/27 MP: 4/4
  1735 | D:2      | Slain by a gnoll
